 Dungeon Crawl Stone Soup version 0.17-a0-1805-g6093636 (webtiles) character file.

1620 Gorice the Chiller (level 8, -1/50 HPs)
             Began as an Octopode Ice Elementalist on Sept 11, 2015.
             Was an Initiate of Sif Muna.
             Slain by an ice beast (3 damage)
             ... on level 7 of the Dungeon on Sept 12, 2015.
             The game lasted 00:42:13 (8211 turns).

Gorice the Chiller (Octopode Ice Elementalist)      Turns: 8211, Time: 00:42:13

Health: -1/50      AC:  1    Str: 13    XL:     8   Next: 96%
Magic:  15/15      EV: 12    Int: 19    God:    Sif Muna [......]
Gold:   239        SH:  0    Dex: 13    Spells: 5 memorised, 3 levels left

rFire  + . .     SeeInvis .     a - +1 dagger (venom)
rCold  + . .     Clarity  .     (no shield)
rNeg   + . .     SustAt   +     (helmet restricted)
rPois  +         Gourm    .     (no amulet)
rElec  +         Spirit   .     f - ring of sustain attributes
rCorr  +         Warding  .     s - ring of positive energy
rMut   .         Stasis   .     Y - +6 ring of strength
MR     .....                    (no ring)
Stlth  +++.......               (no ring)
                                (no ring)
                                (no ring)
                                (no ring)

@: resistant, not resistant to hostile enchantments, fairly stealthy
A: almost no armour, amphibious, 8 rings, constrict 8, camouflage 1, robust 1,
gelatinous body 1
a: Renounce Religion


You were on level 7 of the Dungeon.
You worshipped Sif Muna.
Sif Muna was noncommittal.
You were very hungry.

You visited 1 branch of the dungeon, and saw 7 of its levels.

You collected 347 gold pieces.
You spent 108 gold pieces at shops.

Inventory:

Hand weapons
 a - a +1 dagger of venom (weapon)
   (You took it off a goblin on level 1 of the Dungeon)
 e - a +1 mace of protection
   (You found it on level 1 of the Dungeon)
 u - a +1 whip of holy wrath
   (You found it on level 3 of the Dungeon)
 y - a +0 spear
 D - a +0 vampiric scythe
   (You took it off Sigmund on level 6 of the Dungeon)
 E - a +0 glaive
Missiles
 d - 64 sling bullets
 l - 3 poisoned javelins
 m - 7 curare-tipped needles
 t - 6 tomahawks (quivered)
 C - 14 poisoned needles
 Z - 354 stones
Jewellery
 f - a ring of sustain attributes (left tentacle)
 s - a ring of positive energy (right tentacle)
 Y - a +6 ring of strength (on tentacle)
Magical devices
 w - a wand of disintegration (13)
 A - a wand of disintegration (1)
 F - a wand of enslavement (8)
Scrolls
 g - 3 scrolls of amnesia
 i - 3 scrolls of enchant weapon
 k - a scroll of magic mapping {!r}
 p - 5 scrolls of remove curse
 x - 3 scrolls of enchant armour
Potions
 h - a potion of magic {!q}
 n - a potion of curing
 o - 3 potions of agility {!q}
 r - a potion of ambrosia {!q}
 z - a potion of cancellation {!q}
 G - a potion of lignification {unknown}
Books
 c - a book of Frost
Comestibles
 b - 4 bread rations {!e}
 j - 3 fruits
 v - a meat ration {!e}
 B - 3 royal jellies


   Skills:
 - Level 2.0 Dodging
 - Level 2.6 Stealth
 + Level 5.1 Spellcasting
 * Level 6.6 Conjurations
 * Level 7.7 Ice Magic


You had 3 spell levels left.
You knew the following spells:

 Your Spells              Type           Power        Failure   Level  Hunger
a - Freeze                Ice            ####         1%          1    None
b - Throw Frost           Conj/Ice       ####..       1%          2    #......
c - Ozocubu's Armour      Chrm/Ice       ###.....     10%         3    ##.....
d - Condensation Shield   Ice            ####......   6%          4    ####...
e - Throw Icicle          Conj/Ice       ####....     10%         4    ####...


Dungeon Overview and Level Annotations

Branches:
Dungeon (7/15)
 Temple: D:4-7

Altars:
Ashenzari
Kikubaaqudgha
Qazlal
Ru
Sif Muna
Zin
The Shining One

Shops:
D:4 (}![[   D:5 %%?([


Innate Abilities, Weirdness & Mutations

You cannot wear most types of armour.
You are amphibious.
You can wear up to eight rings at the same time.
You can use your tentacles to constrict eight enemies at once.
Your skin changes colour to match your surroundings (Stealth).
Your rubbery body absorbs attacks (AC +1).
You are robust (+10% HP).


Message History

The orc priest looks braver for a moment.
There is a stone staircase leading up here.
You start resting.
Magic restored.
You hit the orc priest.
The orc priest is poisoned.
Your grab misses the orc priest.
The orc priest is heavily wounded.
The orc priest invokes the aid of Beogh against you.
Something smites you!
Damage: 15 (max 15)
You hit the orc priest.
The orc priest looks even sicker.
You grab the orc priest.
The orc priest is almost dead.
You constrict the orc priest.
You kill the orc priest!
You see here a club.
You start resting.
An ice beast comes into view.
You hit the ice beast but do no damage. The ice beast misses you.
You hit the ice beast.
The ice beast is lightly wounded.
The ice beast barely misses you.
You hit the ice beast but do no damage.
The ice beast is poisoned.
The ice beast is lightly wounded.
The ice beast hits you. The ice beast freezes you!
Damage: 16 (max 16)
The ice beast completely misses you.
The ice beast looks more healthy.
You closely miss the ice beast. Your squeeze misses the ice beast.
The ice beast is moderately wounded.
The ice beast hits you. The ice beast freezes you!
* * * LOW HITPOINT WARNING * * *
Damage: 14 (max 16) Unknown command.
Evoke which item? (* to show all) (? for menu, Esc to quit)
Zapping:
F - a wand of enslavement {zapped: 2} (will waste charges)
Press: ? - help, Shift-Dir - straight line, f - ice beast
Aim: an ice beast (moderately wounded, chance to defeat MR: 46%)
The ice beast resists with some effort.
Evoking this partially-identified wand wasted a few charges.
The ice beast hits you.
* * * LOW HITPOINT WARNING * * *
The ice beast freezes you!
* * * LOW HITPOINT WARNING * * *
Damage: 8 (max 16) Drink which item? (? for menu, Esc to quit)
Really quaff
q - a potion of resistance {!q}?
You feel protected. The ice beast hits you.
You die...

#....<#
#####.# #.#
### #.# #..
..# #.# #.#
#.# #.#
#.####.## #.#
#.#.....
#.#####.#.##.#
#.....#.#.##@#
#####.#....Y.#
#.....####
#######


You could see an ice beast.

Vanquished Creatures
  Grinder (D:5)
  Sigmund (D:6)
  A wyvern (D:6)
  Menkaure (D:6)
  A black bear (D:6)
  A sky beast (D:3)
  An ogre (D:6)
  2 crimson imps
  A centaur skeleton (D:5)
  A jelly (D:5)
  4 orc priests
  5 orc wizards
  4 worker ants
  A hound skeleton (D:5)
  4 gnolls (D:4)
  7 adders
  2 shadow imps
  2 oozes
  An adder skeleton (D:5)
  A worm (D:2)
  4 giant geckos
  15 orcs
  2 ball pythons (D:3)
  7 bats
  7 giant cockroaches
  7 goblins
  10 hobgoblins
  4 jackals (D:4)
  13 kobolds
  A giant gecko skeleton (D:4)
  5 giant newts
  3 quokkas
  A quokka skeleton (D:6)
  6 rats
127 creatures vanquished.

Notes
Turn   | Place    | Note
--------------------------------------------------------------
     0 | D:1      | Gorice the Octopode Ice Elementalist began the quest for the Orb.
     0 | D:1      | Reached XP level 1. HP: 11/11 MP: 3/3
    27 | D:1      | HP: 3/11 [poisoned by a goblin]
   260 | D:1      | You fall through a shaft!
   269 | D:2      | Reached XP level 2. HP: 15/17 MP: 5/5
   998 | D:1      | Reached XP level 3. HP: 21/21 MP: 6/6
  1002 | D:1      | Learned a level 2 spell: Throw Frost
  1265 | D:2      | Reached skill level 4 in Ice Magic
  1435 | D:2      | You fall through a shaft!
  1436 | D:3      | Noticed a sky beast
  1809 | D:2      | Reached XP level 4. HP: 25/27 MP: 8/8
  1845 | D:2      | Found a glowing golden altar of the Shining One.
  1955 | D:2      | Reached skill level 3 in Spellcasting
  2421 | D:3      | HP: 7/27 [something (5)]
  2433 | D:3      | Killed a sky beast
  2433 | D:3      | Reached skill level 2 in Conjurations
  2433 | D:3      | Reached XP level 5. HP: 8/31 MP: 7/10
  2434 | D:3      | HP: 8/31 [bat (1)]
  2675 | D:3      | Noticed an ogre
  2877 | D:3      | Found a stormy altar of Qazlal.
  3143 | D:3      | Learned a level 3 spell: Ozocubu's Armour
  3217 | D:4      | Found Vetifyi's Armour Boutique.
  3267 | D:4      | HP: 9/31 [shadow imp (3)]
  3268 | D:4      | Reached skill level 3 in Conjurations
  3353 | D:4      | Reached XP level 6. HP: 16/36 MP: 9/11
  3513 | D:4      | Upgraded the game from 0.17-a0-1804-gf6433eb to 0.17-a0-1805-g6093636
  3991 | D:4      | Found Nugaerer's Weapon Emporium.
  4060 | D:4      | Found Wibri's Gadget Emporium.
  4314 | D:4      | Found Qopys's Distillery.
  4324 | D:4      | Bought a potion of heal wounds for 60 gold pieces
  4324 | D:4      | Bought a potion of degeneration for 12 gold pieces
  4324 | D:4      | Bought a potion of curing for 36 gold pieces
  4413 | D:4      | Reached skill level 5 in Ice Magic
  4685 | D:4      | Found Aclia's Armour Shop.
  4748 | D:5      | Entered Level 5 of the Dungeon
  4784 | D:5      | Found Beotezi's Antique Armour Boutique.
  4822 | D:5      | Found Yshriasmo's Weapon Boutique.
  4850 | D:5      | Found Deusu's Food Shoppe.
  4858 | D:5      | Found Nemel's Magic Scroll Emporium.
  4886 | D:5      | Reached XP level 7. HP: 36/41 MP: 6/12
  5020 | D:4      | Gained mutation: You are robust (+10% HP). [potion of beneficial mutation]
  5107 | D:5      | Reached skill level 4 in Conjurations
  5266 | D:5      | Found a shattered altar of Ashenzari.
  5278 | D:5      | Noticed Grinder
  5456 | D:6      | Noticed Sigmund
  5482 | D:6      | Reached skill level 4 in Spellcasting
  5672 | D:6      | Found a glowing silver altar of Zin.
  5672 | D:6      | Found a deep blue altar of Sif Muna.
  5673 | D:6      | Found a sacrificial altar of Ru.
  5751 | D:6      | Noticed Menkaure
  5796 | D:6      | Noticed a wyvern
  5810 | D:6      | HP: 7/45 [wyvern (12)]
  5815 | D:6      | HP: 13/45 [wyvern (3)]
  5816 | D:6      | HP: 3/45 [wyvern (10)]
  5817 | D:6      | Killed a wyvern
  5817 | D:6      | Reached skill level 6 in Ice Magic
  6646 | D:6      | Killed Sigmund
  6646 | D:6      | Reached skill level 5 in Conjurations
  6646 | D:6      | Reached XP level 8. HP: 32/50 MP: 11/14
  6820 | D:6      | HP: 7/50 [Menkaure (12)]
  6822 | D:6      | Killed Menkaure
  6824 | D:6      | Reached skill level 7 in Ice Magic
  7090 | D:6      | Learned a level 4 spell: Condensation Shield
  7095 | D:6      | Learned a level 4 spell: Throw Icicle
  7526 | D:5      | Reached skill level 6 in Conjurations
  7641 | D:5      | Found an ancient bone altar of Kikubaaqudgha.
  7711 | D:5      | Killed Grinder
  7711 | D:5      | Reached skill level 5 in Spellcasting
  7881 | D:5      | Found Hejox's Food Shop.
  8065 | D:6      | Became a worshipper of Sif Muna the Loreminder
  8191 | D:7      | HP: 8/50 [ice beast (12)]
  8202 | D:7      | HP: 9/50 [ice beast (1)]
  8202 | D:7      | HP: 1/50 [ice beast (8)]
  8211 | D:7      | Slain by an ice beast

Vault maps used:
D:1:      dpeg_arrival_erosion
D:2:      nicolae_tso_carved_into_rock
D:3:      lemuel_coloured_pillars_altar, first_bread
D:4:      serial_shops, shop, shop, nicolae_shop_crystal, shop, shop
D:5:      ashenzari_conservatory_becter, kiku_gazebo_pond_becter, serial_shops,
          shop, nicolae_shop_waterfront, shop, shop, kennysheep_mini_moat,
          uniq_grinder
D:6:      gammafunk_temple_overflow_forgotten, uniq_menkaure, uniq_sigmund
D:7:      grunt_temple_overflow_open, minmay_temple_entry_hall, serial_shops,
          shop, grunt_ogre_cave, bh_walls_and_bars

Action                   |  1- 3 |  4- 6 |  7- 9 || total
-------------------------+-------+-------+-------++-------
Melee: Dagger            |    55 |   110 |    93 ||   258
Throw: Stone             |       |     5 |       ||     5
 Cast: Freeze            |     8 |    29 |    15 ||    52
       Throw Frost       |     1 |     9 |    17 ||    27
       Ozocubu's Armour  |       |       |     1 ||     1
Evoke: Wand              |       |       |     2 ||     2
  Use: Scroll            |     4 |     5 |     6 ||    15
       Potion            |       |       |     4 ||     4
 Stab: Sleeping          |    16 |    10 |     6 ||    32
       Distracted        |       |       |     1 ||     1
  Eat: Chunk             |     3 |     8 |     8 ||    19
       Pizza             |       |     1 |       ||     1
       Beef jerky        |       |       |     1 ||     1

Table legend:
 A = Turns spent in this place as a percentage of turns spent in the entire game.
 B = Non-inter-level travel turns spent in this place as a percentage of non-inter-level travel turns spent in the entire game.
 C = Inter-level travel turns spent in this place as a percentage of turns spent in this place.
 D = Turns resting spent in this place as a percentage of non-inter-level travel turns spent in this place.
 E = Turns spent auto-exploring this place as a percentage of non-inter-level travel turns spent in this place.
 F = Non-inter-level travel turns spent in this place divided by the number of levels of this place that you've seen.
                   A       B       C       D       E      F
               +-------+-------+-------+-------+-------+----------------------
         Total | 100.0 | 100.0 |   0.4 |   4.5 |   4.7 | 381.3
       Dungeon | 100.0 | 100.0 |   0.4 |   4.5 |   4.7 | 381.3
               +-------+-------+-------+-------+-------+----------------------

Vault maps used:
D:1:      dpeg_arrival_erosion
D:2:      nicolae_tso_carved_into_rock
D:3:      lemuel_coloured_pillars_altar, first_bread
D:4:      serial_shops, shop, shop, nicolae_shop_crystal, shop, shop
D:5:      ashenzari_conservatory_becter, kiku_gazebo_pond_becter, serial_shops,
          shop, nicolae_shop_waterfront, shop, shop, kennysheep_mini_moat,
          uniq_grinder
D:6:      gammafunk_temple_overflow_forgotten, uniq_menkaure, uniq_sigmund
D:7:      grunt_temple_overflow_open, minmay_temple_entry_hall, serial_shops,
          shop, grunt_ogre_cave, bh_walls_and_bars
